[Event "10th Iberoamericano-ch 2024"]
[Site "Linares"]
[Date "2024.09.28"]
[Round "6.34"]
[White "Li Chen, Helena Joana"]
[Black "Cabezas Solano, David Alejandro"]
[Result "1-0"]
[Annotator "ChessBase"]
[ECO "B91"]
[WhiteElo "2068"]
[BlackElo "2248"]
[PlyCount "185"]
[EventDate "2024.09.25"]
[EventType "swiss"]
[EventCountry "ESP"]
[SourceTitle "playchess.com"]
[Source "ChessBase"]
[SourceQuality "1"]
[TimeControl "5400+30"]

1. e4 c5 2. Nf3 d6 3. d4 cxd4 4. Nxd4 Nf6 5. Nc3 a6 6. g3 e5 7. Nde2 Be7 8. Bg2 b5 9. Nf4 Nbd7 10. Nd3 Rb8 11. a3 O-O 12. Be3 Nb6 13. Nb4 Bb7 14. Bxb6 Qxb6 15. Nbd5 Nxd5 16. Nxd5 Bxd5 17. Qxd5 Rfc8 18. Qb3 b4 19. a4 Bg5 20. h4 Bd2+ 21. Ke2 Qc5 22. Rhd1 Bh6 23. Ke1 Qxc2 24. Qxc2 Rxc2 25. b3 Rb2 26. Rab1 Bd2+ 27. Ke2 Rxb1 28. Rxb1 Bc3 29. Bf1 a5 30. Rd1 Bd4 31. Rc1 Bc5 32. Kf3 h5 33. Bc4 g6 34. Bd5 Kg7 35. Ke2 f5 36. f3 Rf8 37. Rf1 f4 38. g4 hxg4 39. fxg4 Bd4 40. Kf3 Rc8 41. Bc4 Rh8 42. Rh1 Bb6 43. g5 Kf8 44. Kg4 Rh5 45. Rd1 Bd4 46. Rd3 Ke7 47. Rh3 Be3 48. Rh1 Bc5 49. Rh3 Kf8 50. Bd5 Kg7 51. Bc4 Bf2 52. Rh2 Be1 53. Rh1 Bf2 54. Rh2 Be3 55. Rh1 Rh8 56. Rd1 Bd4 57. Rh1 f3 58. Kxf3 Rf8+ 59. Kg3 Bf2+ 60. Kg2 Rf4 61. h5 Bh4 62. hxg6 Kxg6 63. Rf1 Kxg5 64. Bd5 Rg4+ 65. Kf3 Rg3+ 66. Ke2 Rg2+ 67. Kd3 Rg3+ 68. Kc4 Rc3+ 69. Kb5 Rc5+ 70. Ka6 Kg4 71. Be6+ Kg3 72. Rf7 Bg5 73. Bd5 Kg4 74. Rd7 Kf3 75. Rxd6 Ke3 76. Kb6 Rc8 77. Kxa5 Bd8+ 78. Kb5 Rb8+ 79. Kc4 Rc8+ 80. Rc6 Rb8 81. Ra6 Be7 82. Ra8 Rxa8 83. Bxa8 Bd6 84. Bd5 Be7 85. a5 Bd6 86. a6 Bb8 87. Kxb4 Kd4 88. Kb5 Ba7 89. Kc6 Kc3 90. Kb7 Bd4 91. a7 Bxa7 92. Kxa7 Kb4 93. Kb6 1-0

[Event "10th Iberoamericano-ch 2024"]
[Site "Linares"]
[Date "2024.09.28"]
[Round "6.35"]
[White "Buiza Prieto, Eihartze"]
[Black "Vehi Bach, Victor Manuel"]
[Result "1/2-1/2"]
[Annotator "ChessBase"]
[ECO "B41"]
[WhiteElo "2056"]
[BlackElo "2191"]
[PlyCount "41"]
[EventDate "2024.09.25"]
[EventType "swiss"]
[EventCountry "ESP"]
[SourceTitle "playchess.com"]
[Source "ChessBase"]
[SourceQuality "1"]
[TimeControl "5400+30"]

1. e4 c5 2. Nf3 e6 3. d4 cxd4 4. Nxd4 a6 5. c4 Nf6 6. Nc3 Bb4 7. Qd3 O-O 8. Be2 Qc7 9. O-O Nc6 10. Nc2 Ne5 11. Qd4 Be7 12. b3 b6 13. Bf4 d6 14. Rac1 Bb7 15. f3 Rac8 16. Na4 Ned7 17. Be3 Nc5 18. Nc3 Ncd7 19. Na4 Nc5 20. Nc3 Ncd7 21. Na4 1/2-1/2

[Event "10th Iberoamericano-ch 2024"]
[Site "Linares"]
[Date "2024.09.28"]
[Round "6.36"]
[White "Rocha, Maximiliano"]
[Black "Abrisqueta Zudaire, Leyre"]
[Result "1-0"]
[Annotator "ChessBase"]
[ECO "B12"]
[WhiteElo "2156"]
[BlackElo "2057"]
[PlyCount "117"]
[EventDate "2024.09.25"]
[EventType "swiss"]
[EventCountry "ESP"]
[SourceTitle "playchess.com"]
[Source "ChessBase"]
[SourceQuality "1"]
[TimeControl "5400+30"]

1. e4 c6 2. d4 d5 3. e5 c5 4. dxc5 e6 5. Be3 Qc7 6. Nf3 Bxc5 7. Bxc5 Qxc5 8. Nc3 Ne7 9. Bd3 a6 10. O-O Nbc6 11. a3 h6 12. Re1 O-O 13. Ne2 Bd7 14. Ng3 b5 15. b4 Qb6 16. Rb1 Ng6 17. Qd2 Qc7 18. Qe3 Qa7 19. Qd2 Qc7 20. Qe3 Qa7 21. Qc1 Qc7 22. Nh5 Ncxe5 23. Nxe5 Nxe5 24. Qf4 f6 25. Qg3 Be8 26. Nxf6+ Rxf6 27. Rxe5 Qb6 28. Rbe1 Bd7 29. Qe3 Qxe3 30. R1xe3 Rc8 31. g3 Kf8 32. f4 Rc3 33. f5 exf5 34. Rxd5 Be6 35. Rde5 Kf7 36. g4 g6 37. h4 Ba2 38. h5 gxh5 39. gxf5 Rc7 40. Kf2 Bb1 41. Be4 Bxc2 42. Bd5+ Kg7 43. Be6 Bd1 44. Rc5 Ra7 45. Rd3 Bg4 46. Kg3 Re7 47. Rd8 Rf8 48. Rxf8 Kxf8 49. Kf4 Re8 50. Rc7 Re7 51. Rc8+ Re8 52. Rc6 Ra8 53. Rc7 Re8 54. Ke5 Re7 55. Rc6 h4 56. Rc8+ Re8 57. Rc7 h3 58. Rh7 h5 59. Kf6 1-0

[Event "10th Iberoamericano-ch 2024"]
[Site "Linares"]
[Date "2024.09.28"]
[Round "6.37"]
[White "Aragon Trujillo, Ricardo M."]
[Black "Galvan Cipriani, Viviana"]
[Result "0-1"]
[Annotator "ChessBase"]
[ECO "B22"]
[WhiteElo "2057"]
[BlackElo "2141"]
[PlyCount "74"]
[EventDate "2024.09.25"]
[EventType "swiss"]
[EventCountry "ESP"]
[SourceTitle "playchess.com"]
[Source "ChessBase"]
[SourceQuality "1"]
[TimeControl "5400+30"]

1. e4 c5 2. Nf3 Nc6 3. c3 Nf6 4. e5 Nd5 5. Bc4 Nb6 6. Bb3 d6 7. exd6 Qxd6 8. O-O Be6 9. Bxe6 Qxe6 10. Re1 Qd7 11. a4 g6 12. a5 Nd5 13. d4 cxd4 14. Nxd4 Bg7 15. Nxc6 Qxc6 16. a6 b6 17. Qb3 e6 18. c4 Ne7 19. Bg5 Nf5 20. Qb4 h6 21. Bf4 Nh4 22. f3 Qc5+ 23. Qxc5 bxc5 24. Be5 O-O 25. Ra5 Bxe5 26. Rxe5 Rab8 27. Rb5 Rbd8 28. Kf2 Rd6 29. Rbxc5 Rxa6 30. Nc3 Rd8 31. Re2 Nf5 32. Rc7 Ra1 33. c5 Kf8 34. Nb5 Rdd1 35. g3 Rh1 36. Kg2 Rag1+ 37. Kh3 Rxg3# 0-1

[Event "10th Iberoamericano-ch 2024"]
[Site "Linares"]
[Date "2024.09.28"]
[Round "6.38"]
[White "Follana Albelda, Lucia"]
[Black "Donate Moreno, Silvia"]
[Result "1-0"]
[Annotator "ChessBase"]
[ECO "B90"]
[WhiteElo "2043"]
[BlackElo "2126"]
[PlyCount "83"]
[EventDate "2024.09.25"]
[EventType "swiss"]
[EventCountry "ESP"]
[SourceTitle "playchess.com"]
[Source "ChessBase"]
[SourceQuality "1"]
[TimeControl "5400+30"]

1. e4 c5 2. Nf3 d6 3. d4 cxd4 4. Nxd4 Nf6 5. Nc3 a6 6. f3 e5 7. Nb3 Be6 8. Be3 h5 9. Qd2 Nbd7 10. O-O-O Rc8 11. Kb1 Be7 12. h4 b5 13. Bg5 Qc7 14. a3 Rb8 15. Nd5 Bxd5 16. exd5 Nb6 17. Bxf6 Bxf6 18. Qe1 O-O 19. Qe4 g6 20. g4 Bg7 21. Rg1 Nc4 22. gxh5 f5 23. Qe1 gxh5 24. Rg5 a5 25. Bh3 Rbc8 26. Qe2 a4 27. Rdg1 Rf7 28. Bxf5 axb3 29. cxb3 Kf8 30. Bxc8 Qxc8 31. bxc4 bxc4 32. Rc1 Rc7 33. Qe4 Qb7 34. Rxc4 Rf7 35. Rb4 Qa6 36. Qg6 Bf6 37. Rxh5 Qa7 38. Rf5 Ke7 39. h5 Qa8 40. Rb5 Qa6 41. a4 Qc8 42. h6 1-0

[Event "10th Iberoamericano-ch 2024"]
[Site "Linares"]
[Date "2024.09.28"]
[Round "6.39"]
[White "Gomez Carreno, Martin"]
[Black "Zapata Campos, Lidia Karen"]
[Result "0-1"]
[Annotator "ChessBase"]
[ECO "B35"]
[WhiteElo "2124"]
[BlackElo "2029"]
[PlyCount "70"]
[EventDate "2024.09.25"]
[EventType "swiss"]
[EventCountry "ESP"]
[SourceTitle "playchess.com"]
[Source "ChessBase"]
[SourceQuality "1"]
[TimeControl "5400+30"]

1. e4 c5 2. Nc3 Nc6 3. Nge2 g6 4. d4 cxd4 5. Nxd4 Bg7 6. Be3 d6 7. Bc4 Nf6 8. f3 O-O 9. Bb3 Bd7 10. h4 Ne5 11. Qe2 Rc8 12. O-O-O Rxc3 13. bxc3 Qa5 14. Kb1 Qxc3 15. Bc1 a5 16. Bb2 Qc5 17. a4 Nh5 18. Rhg1 Nf4 19. Qd2 b5 20. Nxb5 Bxb5 21. Qxf4 Bxa4 22. Qd2 Nc4 23. Qd5 Nxb2 24. Qxc5 dxc5 25. Rd5 c4 26. e5 cxb3 27. Kxb2 bxc2 28. Rxa5 Rb8+ 29. Ka1 Bb5 30. Kb2 Bd3+ 31. Kc3 Rc8+ 32. Kxd3 c1=Q 33. Rxc1 Rxc1 34. Ra8+ Bf8 35. Ke4 Rc4+ 0-1

[Event "10th Iberoamericano-ch 2024"]
[Site "Linares"]
[Date "2024.09.28"]
[Round "6.40"]
[White "Garcia Paolicchi, Raul"]
[Black "Maldonado Mena, German"]
[Result "*"]
[Annotator "ChessBase"]
[ECO "A48"]
[WhiteElo "2034"]
[BlackElo "2123"]
[PlyCount "36"]
[EventDate "2024.09.25"]
[EventType "swiss"]
[EventCountry "ESP"]
[SourceTitle "playchess.com"]
[Source "ChessBase"]
[SourceQuality "1"]
[TimeControl "5400+30"]

1. d4 Nf6 2. Nf3 g6 3. Bg5 Bg7 4. Nbd2 O-O 5. c3 d6 6. e4 c5 7. dxc5 dxc5 8. Bc4 a6 9. a4 b6 10. Qe2 h6 11. Bf4 Nc6 12. h3 Bb7 13. O-O e6 14. Bh2 Nd7 15. Rad1 Qe7 16. a5 Nxa5 17. Ba2 Bc6 18. b3 b5 *

[Event "10th Iberoamericano-ch 2024"]
[Site "Linares"]
[Date "2024.09.28"]
[Round "6.40"]
[White "Garcia Paolicchi, Raul"]
[Black "Maldonado Mena, German"]
[Result "0-1"]
[Annotator "ChessBase"]
[ECO "A48"]
[WhiteElo "2034"]
[BlackElo "2123"]
[PlyCount "94"]
[EventDate "2024.09.25"]
[EventType "swiss"]
[EventCountry "ESP"]
[SourceTitle "playchess.com"]
[Source "ChessBase"]
[SourceQuality "1"]
[TimeControl "5400+30"]

1. d4 Nf6 2. Nf3 g6 3. Bg5 Bg7 4. Nbd2 O-O 5. c3 d6 6. e4 c5 7. dxc5 dxc5 8. Bc4 a6 9. a4 b6 10. Qe2 h6 11. Bf4 Nc6 12. h3 Bb7 13. O-O e6 14. Bh2 Nd7 15. Rae1 Qe7 16. e5 Na5 17. Ba2 Bc6 18. b3 b5 19. axb5 axb5 20. Rc1 Nc4 21. Bb1 Nxd2 22. Nxd2 Ra3 23. Be4 Bxe4 24. Qxe4 Rfa8 25. Rb1 Nb6 26. c4 b4 27. Nf3 Qc7 28. Rfd1 Nc8 29. Bf4 Ne7 30. Rd3 g5 31. Bh2 Qc6 32. Qxc6 Nxc6 33. g4 Ra1 34. Rxa1 Rxa1+ 35. Kg2 Kh7 36. Bg3 Rb1 37. Re3 Rb2 38. Rd3 Rc2 39. Kf1 Na5 40. Ke1 Bf8 41. Kd1 Rb2 42. Nd2 Nc6 43. Kc1 Ra2 44. Kb1 Ra3 45. Nf3 Be7 46. Kb2 Kg7 47. Re3 f6 0-1